Map: Acrópole LE

Players

Hotfy - Winner!

  • Race: Terran Terran
  • League: Diamond
  • Spawn Location: 5:00

I.A. 1 (Muito fácil)

  • Race: Protoss Protoss
  • Spawn Location: 11:00

VOD

Have the link to the VOD?

Description

Time

  • Played on: Sept. 22, 2019, 7:57 p.m.
  • Length: 8:57
Show
View Real Time Build Order
Export as new Build Order

Hotfy Terran - Winner!

Build Orders: Reaper Expand 

Get SALT Encoding   

  12  0:01  SCV  
  13  0:13  SCV  
  14  0:17  Supply Depot  
  14  0:25  SCV  
  15  0:39  Barracks, SCV  
  16  0:44  Refinery  
  16  0:53  SCV  
  17  1:05  SCV  
  18  1:17  SCV  
  19  1:28  Reaper  
  19  1:29  Orbital Command  
  20  1:42  Command Center  
  20  1:48  Bunker  
  20  1:55  SCV  
  20  1:59  Marine  
  22  2:03  Supply Depot  
  22  2:07  SCV  
  23  2:13  Factory  
  23  2:22  Refinery  
  23  2:24  Barracks Reactor, SCV  
  24  2:37  SCV  
  25  2:51  SCV  
  26  2:58  Widow Mine, Starport  
  28  2:59  Orbital Command  
  28  3:00  Marine x2  
  28  3:03  SCV  
  31  3:15  SCV  
  31  3:18  Marine x2  
  31  3:19  Widow Mine  
  36  3:23  Supply Depot  
  36  3:27  SCV x2  
  38  3:37  Barracks  
  38  3:38  Medivac  
  38  3:41  SCV  
  41  3:43  SCV  
  41  3:44  Marine  
  41  3:45  Marine  
  41  3:48  Factory Tech Lab  
  44  3:53  SCV  
  44  3:55  SCV  
  46  3:58  Engineering Bay  
  46  4:02  Marine  
  47  4:03  Marine  
  47  4:05  SCV  
  47  4:07  Supply Depot, SCV  
  50  4:20  SCV  
  50  4:21  Starport Tech Lab, Barracks, SCV  
  52  4:25  Terran Infantry Weapons Level 1  
  52  4:31  Supply Depot, Marine  
  52  4:32  Marine  
  52  4:33  SCV x2  
  52  4:34  Marauder, Stimpack  
  58  4:42  Refinery  
  58  4:56  Starport Reactor  
  58  4:58  Marauder  
  58  4:59  Factory Reactor  
  60  5:00  SCV  
  60  5:02  Supply Depot  
  60  5:06  Supply Depot  
  57  5:08  Marine x2  
  59  5:14  Supply Depot  
  59  5:16  Marauder  
  59  5:19  SCV x2  
  59  5:20  Marauder  
  65  5:25  Marine  
  65  5:26  Marine  
  65  5:27  Combat Shield  
  67  5:32  Medivac  
  67  5:33  Medivac  
  71  5:36  SCV x2  
  71  5:39  Widow Mine x2  
  71  5:41  Marauder  
  79  5:43  Refinery, Marine x2  
  79  5:45  Marine  
  79  5:48  SCV x2  
  84  5:56  Supply Depot  
  84  5:58  Supply Depot  
  84  6:00  SCV x2  
  84  6:01  Marauder  
  84  6:02  Marauder  
  84  6:04  Marine x2  
  90  6:06  Widow Mine  
  94  6:16  Supply Depot  
  94  6:17  Supply Depot, SCV x2  
  94  6:18  Widow Mine  
  98  6:20  Terran Infantry Armor Level 1  
  98  6:21  Medivac  
  98  6:23  Marauder  
  98  6:24  Marauder, Marine x2  
  106  6:34  Medivac  
  106  6:38  Supply Depot  
  108  6:42  Supply Depot  
  108  6:45  Supply Depot, Marine  
  108  6:46  Marauder x2, Marine  
  114  6:47  Widow Mine  
  114  6:48  Widow Mine  
  114  6:51  Concussive Shells  
  118  6:56  Engineering Bay  
  118  6:58  Armory  
  118  7:03  Marine x2, SCV  
  118  7:05  SCV  
  118  7:08  Marauder  
  126  7:15  Marauder  
  126  7:16  Widow Mine x2, Medivac  
  132  7:26  Marine x2  
  132  7:27  Medivac  
  132  7:28  SCV x2  
  132  7:29  Marauder  
  140  7:37  Marauder  
  142  7:39  Supply Depot  
  142  7:41  Supply Depot, SCV x2  
  142  7:43  Widow Mine  
  142  7:44  Widow Mine  
  148  7:45  Marine x2  
  150  8:01  Marauder x2, Medivac x2  
  150  8:02  Marine, SCV x2  
  150  8:05  Widow Mine  
  163  8:06  Supply Depot  
  163  8:07  Supply Depot  
  163  8:15  Marine  
  163  8:16  Command Center  
  164  8:27  Marine  
  164  8:28  Marine  
  164  8:29  SCV x2  
  168  8:41  SCV x2  
Show
View Real Time Build Order
Export as new Build Order

I.A. 1 (Muito fácil) Protoss 

Build Orders:  

Get SALT Encoding   

  12  0:00  Probe  
  13  0:13  Probe  
  14  0:19  Pylon  
  14  0:37  Assimilator  
  14  0:43  Gateway  
  14  0:45  Pylon  
  14  1:15  Assimilator  
  14  1:22  Zealot  
  14  1:24  Probe  
  14  1:32  Cybernetics Core, Probe  
  18  1:42  Probe  
  19  1:54  Probe  
  20  2:02  Probe  
  20  2:08  Warp Gate  
  21  2:11  Probe  
  22  2:43  Stalker  
  24  4:52  Probe  
  18  5:00  Probe  
  19  5:09  Probe  
  20  5:17  Probe  
  20  5:25  Probe  
  22  5:37  Probe  
  23  5:49  Probe  
  24  7:17  Probe  
  25  7:23  Pylon, Adept  
  25  7:24  Robotics Facility  
  25  7:25  Probe  
  25  7:29  Nexus  
  28  7:34  Probe  
  28  7:42  Probe  
  30  8:01  Probe, Stalker  
  25  8:07  Pylon  
  25  8:11  Observer  
  18  8:14  Probe  
  15  8:26  Probe  
Tags
 
League
Diamond
Matchup
PvT
Spawn Locations
Cross Positions
Add a new tag
Caveats
  • Supply blocks, unpowered buildings, or Contaminate may cause inaccurate times.
  • Supply counts are checked every 10 seconds.